 Dungeon Crawl Stone Soup version 0.19.1 (webtiles) character file.

27127 kae the Carver (level 13, -6/106 HPs)
             Began as a Formicid Fighter on Dec 16, 2016.
             Was the Champion of Okawaru.
             Mangled by a ten-headed hydra (11 damage)
             ... on level 4 of the Lair of Beasts.
             The game lasted 00:20:00 (15980 turns).

kae the Carver (Formicid Fighter)                  Turns: 15980, Time: 00:20:01

Health: -6/106     AC: 24    Str: 27    XL:     13   Next: 63%
Magic:  19/19      EV:  8    Int: 15    God:    Okawaru [******]
Gold:   679        SH: 13    Dex: 10    Spells: 0 memorised, 12 levels left

rFire  + . .     SeeInvis +     b - +1 quarterstaff (crush)
rCold  . . .     Gourm    .     U - +3 plate armour {rF+}
rNeg   + . .     Faith    .     c - +1 shield
rPois  .         Spirit   .     (helmet unavailable)
rElec  .         Reflect  .     O - +0 cloak
rCorr  .         Harm     .     T - +2 pair of gloves
MR     +....                    H - +0 pair of boots
Stlth  ..........               (no amulet)
                                q - +3 ring of strength
                                w - ring of Discretion {rN+ Int+5 Slay+4 Stlth-}

@: no status effects
A: permanent stasis, dig shafts and tunnels, four strong arms, antennae 3
a: Dig, Shaft Self, Heroism, Finesse, Renounce Religion


You were on level 4 of the Lair of Beasts.
You worshipped Okawaru.
Okawaru was exalted by your worship.
You were not hungry.

You visited 3 branches of the dungeon, and saw 15 of its levels.

You collected 804 gold pieces.
You spent 125 gold pieces at shops.

Inventory:

Hand Weapons
 a - a +5 long sword of protection
 b - a +1 quarterstaff of crushing (weapon)
 F - a +1 long sword
Missiles
 N - 3 throwing nets (quivered)
Armour
 c - a +1 shield (worn)
 l - a +2 scale mail of poison resistance
 H - a +0 pair of boots (worn)
 O - a +0 cloak (worn)
 T - a +2 pair of gloves (worn)
 U - a +3 plate armour of fire resistance (worn)
Jewellery
 i - an uncursed ring of poison resistance
 q - a +3 ring of strength (right hand)
 w - the ring of Discretion (left hand) {rN+ Int+5 Slay+4 Stlth-}
   (You found it on level 4 of the Dungeon)

   [ring of positive energy]

   It affects your intelligence (+5).
   It affects your accuracy and damage with ranged weapons and melee attacks
   (+4).
   It protects you from negative energy.
   It makes you less stealthy.
 x - a +2 ring of dexterity
 y - an uncursed ring of wizardry {unknown}
 W - a +3 ring of protection
 Y - a +4 ring of protection
Wands
 K - a wand of teleportation (6/9)
 Q - a wand of paralysis (13/24)
Scrolls
 k - 6 scrolls of remove curse
 n - 3 scrolls of amnesia
 s - 2 scrolls of enchant weapon
 E - 2 scrolls of identify
 G - 3 scrolls of fear
 J - 2 scrolls of noise
 L - a scroll of magic mapping
 S - 4 scrolls of fog
 V - a scroll of enchant armour
Potions
 d - 5 potions of might
 e - a potion of curing
 m - 2 potions of haste
 o - a potion of cancellation
 p - 5 potions of heal wounds
 r - 2 potions of invisibility
 t - a potion of cure mutation
 u - a potion of brilliance
 B - 3 potions of lignification
 C - 4 potions of agility
 I - a potion of flight
 P - a potion of mutation
Books
 h - a book of Geomancy

   Spells                             Type                      Level
   a - Sandblast                      Earth                        1
   b - Passwall                       Transmutation/Earth          2
   c - Stone Arrow                    Conjuration/Earth            3
   d - Petrify                        Transmutation/Earth          4
   e - Lee's Rapid Deconstruction     Earth                        5
 j - a book of Maledictions

   Spells                             Type                      Level
   a - Corona                         Hexes                        1
   b - Ensorcelled Hibernation        Hexes/Ice                    2
   c - Confuse                        Hexes                        3
   d - Tukima's Dance                 Hexes                        3
   e - Dazzling Spray                 Conjuration/Hexes            3
 v - a book of Minor Magic

   Spells                             Type                      Level
   a - Magic Dart                     Conjuration                  1
   b - Blink                          Translocation                2
   c - Call Imp                       Summoning                    2
   d - Repel Missiles                 Charms/Air                   2
   e - Slow                           Hexes                        2
   f - Conjure Flame                  Conjuration/Fire             3
   g - Mephitic Cloud                 Conjuration/Poison/Air       3
 M - a book of Cantrips

   Spells                             Type                      Level
   a - Confusing Touch                Hexes                        1
   b - Animate Skeleton               Necromancy                   1
   c - Summon Small Mammal            Summoning                    1
   d - Apportation                    Translocation                1
 R - a Young Poisoner's Handbook

   Spells                             Type                      Level
   a - Sting                          Conjuration/Poison           1
   b - Mephitic Cloud                 Conjuration/Poison/Air       3
   c - Olgreb's Toxic Radiance        Poison                       4
   d - Alistair's Intoxication        Transmutation/Poison         5
   e - Venom Bolt                     Conjuration/Poison           5
Comestibles
 f - 10 bread rations
 g - 6 slices of pizza
 A - 6 meat rations
 D - 9 royal jellies
 X - 2 fruits


   Skills:
 + Level 11.3 Fighting
 * Level 14.1 Long Blades
 + Level 11.6 Armour
 - Level 9.3 Shields
 + Level 8.7 Invocations


You had 12 spell levels left.
You didn't know any spells.

Dungeon Overview and Level Annotations

Branches:
Dungeon (10/15)            Temple (1/1) D:4            Lair (4/6) D:10
 Shoals (0/4) Lair:2       Spider (0/4) Lair:2
    Orc: D:9-12

Altars:
Ashenzari
Cheibriados
Dithmenos
Elyvilon
Fedhas
Gozag
Hepliaklqana
Kikubaaqudgha
Makhleb
Nemelex Xobeh
Okawaru
Qazlal
Sif Muna
Trog
Uskayaw
Vehumet
Xom
Yredelemnul
Zin
The Shining One

Shops:
D:5 **


Innate Abilities, Weirdness & Mutations

You are under a permanent stasis effect.
You can dig through walls and to a lower floor.
Your four strong arms can wield two-handed weapons with a shield.
You have a pair of large antennae on your head. (SInv)


Message History

The ten-headed hydra bites you!
* * * LOW HITPOINT WARNING * * *
The ten-headed hydra bites you but does no damage. x2
The ten-headed hydra barely misses you.
You block the ten-headed hydra's attack.
The ten-headed hydra bites you but does no damage.
The ten-headed hydra completely misses you.
The ten-headed hydra bites you!
* * * LOW HITPOINT WARNING * * *
You sock the ten-headed hydra!
The ten-headed hydra is almost dead.
You block the ten-headed hydra's attack.
The ten-headed hydra bites you but does no damage.
The ten-headed hydra closely misses you.
You block the ten-headed hydra's attack. x2
The ten-headed hydra bites you!
* * * LOW HITPOINT WARNING * * *
The ten-headed hydra bites you but does no damage.
The ten-headed hydra bites you!
You die...

...........
.................#
.................#
.................#
....†............#
.................#
.................#
.........#....#PD#
.#......#.#....P@#
.........##......#
.(.....(.........#
.†...............#
.................#
.................#
.................#
.................#
.................#


You could see a ten-headed hydra.

Vanquished Creatures
  A spark wasp (Lair:2)
  Harold (Lair:4)
  2 hydras
  Urug (D:10)
  2 sirens (Lair:2)
  3 elephants (Lair:4)
  2 black mambas
  Psyche (D:8)
  A torpor snail (Lair:2)
  3 spiny frogs (Lair:1)
  3 komodo dragons
  2 trolls
  2 merfolk (Lair:2)
  A polar bear (Lair:3)
  A queen bee (D:8)
  A hornet (D:9)
  4 blink frogs (Lair:4)
  3 hippogriffs
  2 dream sheep (Lair:2)
  The ghost of Philosophy the Shield-Bearer, an amateur VSFi of Okawaru (D:3)
  24 yaks
  3 basilisks
  A wyvern (D:9)
  The ghost of spooks32 the Archer, an amateur CeHu (D:5)
  A vampire mosquito (D:9)
  A hungry ghost (D:8)
  Edmund (D:5)
  4 water moccasins
  A hornet zombie (D:5)
  8 porcupines
  A sky beast (D:5)
  3 orc warriors (D:9)
  2 black bears
  An ice beast (D:7)
  An eye of draining (D:9)
  6 ogres
  3 phantoms
  19 wolves
  16 crocodiles
  6 centaurs
  10 bullfrogs
  2 scorpions
  20 killer bees
  8 electric eels
  6 crimson imps
  A bullfrog zombie (D:5)
  4 hounds
  A bullfrog skeleton (D:8)
  A jelly (D:9)
  13 orc wizards
  2 centaur zombies
  3 orc priests
  Terence (D:2)
  3 iguanas
  11 worker ants
  A killer bee zombie (D:8)
  2 hound zombies
  13 gnolls
  2 howler monkey skeletons
  10 adders
  4 river rats (D:10)
  4 shadow imps
  2 adder skeletons
  2 oozes
  An adder zombie (D:10)
  4 worms (D:3)
  A dart slug (D:1)
  5 leopard geckos
  49 orcs
  7 giant cockroaches
  4 goblins
  4 hobgoblins
  5 jackals
  6 quokkas
  2 ball pythons
  2 bats
  3 frilled lizards
  A jackal skeleton (D:5)
  6 kobolds
  A quokka skeleton (D:5)
  4 rats
  A fungus (D:5)
  2 plants (Lair:2)
374 creatures vanquished.

Vanquished Creatures (others)
  4 fungi
  15 plants
19 creatures vanquished.

Grand Total: 393 creatures vanquished

Notes
Turn   | Place    | Note
-------+----------+-------------------------------------------
     0 | D:1      | kae the Formicid Fighter began the quest for the Orb.
     0 | D:1      | Reached XP level 1. HP: 18/18 MP: 1/1
   469 | D:1      | Reached XP level 2. HP: 24/24 MP: 2/2
   950 | D:2      | Noticed Terence
   962 | D:2      | Killed Terence
   962 | D:2      | Reached XP level 3. HP: 22/29 MP: 3/3
  1459 | D:3      | Reached skill level 3 in Long Blades
  1468 | D:3      | Noticed Philosophy's ghost (amateur VSFi)
  1471 | D:3      | Reached XP level 4. HP: 32/35 MP: 4/4
  1819 | D:3      | Noticed an ogre
  2022 | D:2      | Reached XP level 5. HP: 18/41 MP: 5/5
  3045 | D:3      | Killed an ogre
  3045 | D:3      | Reached skill level 4 in Long Blades
  3045 | D:3      | Reached XP level 6. HP: 30/48 MP: 6/6
  3288 | D:3      | Found a faded altar of an unknown god.
  3329 | D:3      | Killed Philosophy's ghost
  3329 | D:3      | Reached skill level 5 in Shields
  3329 | D:3      | Reached XP level 7. HP: 44/55 MP: 7/7
  3619 | D:3      | Reached skill level 5 in Long Blades
  3960 | D:4      | Found a staircase to the Ecumenical Temple.
  3992 | Temple   | Entered the Ecumenical Temple
  4037 | Temple   | Became a worshipper of Warmaster Okawaru
  4167 | D:4      | Reached skill level 5 in Armour
  4262 | D:4      | Got a pitted marble ring
  4487 | D:5      | Entered Level 5 of the Dungeon
  4487 | D:5      | Found a blossoming altar of Fedhas.
  4487 | D:5      | Found a stormy altar of Qazlal.
  4587 | D:5      | Noticed Edmund
  4588 | D:5      | Identified the ring of Discretion {rN+ Int+5 Slay+4 Stlth-} (You found it on level 4 of the Dungeon)
  4603 | D:5      | Killed Edmund
  4603 | D:5      | Reached skill level 6 in Long Blades
  4603 | D:5      | Reached XP level 8. HP: 32/61 MP: 8/8
  4612 | D:5      | Reached skill level 5 in Fighting
  4805 | D:5      | Noticed spooks32's ghost (amateur CeHu)
  4813 | D:5      | Killed spooks32's ghost
  4813 | D:5      | Reached * piety under Okawaru
  4818 | D:5      | Found a shadowy altar of Dithmenos.
  4818 | D:5      | Found an ancient bone altar of Kikubaaqudgha.
  4819 | D:5      | Found Atuuw's Assorted Antiques.
  4820 | D:5      | Found an opulent altar of Gozag.
  4822 | D:5      | Found a shattered altar of Ashenzari.
  4824 | D:5      | Found a burning altar of Makhleb.
  4849 | D:5      | Reached skill level 7 in Long Blades
  4854 | D:5      | Reached XP level 9. HP: 16/69 MP: 9/9
  5167 | D:5      | Bought a scroll of identify for 44 gold pieces
  5191 | D:5      | Reached skill level 10 in Long Blades
  5191 | D:5      | Reached XP level 10. HP: 82/82 MP: 10/10
  5327 | D:5      | Found Qauxtaf's Assorted Antiques.
  5332 | D:5      | Bought a scroll labeled IFAUSCH YCHILET for 29 gold pieces
  5332 | D:5      | Bought an emerald potion for 26 gold pieces
  5332 | D:5      | Bought a lumpy amethyst potion for 26 gold pieces
  5937 | D:6      | You fall through a shaft!
  5974 | D:7      | Reached ** piety under Okawaru
  5974 | D:7      | Reached skill level 1 in Invocations
  6754 | D:7      | Found a basalt altar of Yredelemnul.
  7398 | D:8      | Noticed Psyche
  7410 | D:8      | Killed Psyche
  7647 | D:8      | Reached *** piety under Okawaru
  7647 | D:8      | Reached skill level 11 in Long Blades
  7881 | D:8      | Reached XP level 11. HP: 18/89 MP: 13/13
  8353 | D:8      | Found a bloodstained altar of Trog.
  8779 | D:9      | Reached **** piety under Okawaru
  9073 | D:9      | Found a sparkling altar of Nemelex Xobeh.
  9134 | D:9      | Found a flagged portal.
 10129 | D:10     | Entered Level 10 of the Dungeon
 10187 | D:10     | Received a gift from Okawaru
 10632 | D:10     | Found a hazy altar of Hepliaklqana.
 10687 | D:10     | Reached skill level 5 in Invocations
 10765 | D:10     | Reached skill level 12 in Long Blades
 10765 | D:10     | Reached skill level 10 in Armour
 10988 | D:10     | Reached ***** piety under Okawaru
 11172 | D:10     | Found a staircase to the Lair.
 11249 | D:10     | Noticed Urug
 11271 | D:10     | Killed Urug
 11271 | D:10     | Reached XP level 12. HP: 81/97 MP: 16/16
 11577 | D:10     | Reached skill level 10 in Fighting
 11691 | Lair:1   | Entered Level 1 of the Lair of Beasts
 12145 | Lair:1   | Noticed a five-headed hydra
 12153 | Lair:1   | You fall through a shaft!
 12189 | Lair:2   | Found a staircase to the Shoals.
 12236 | Lair:2   | Received a gift from Okawaru
 12506 | Lair:2   | Reached skill level 13 in Long Blades
 12902 | Lair:2   | Found a hole to the Spider Nest.
 12923 | Lair:2   | Noticed a spark wasp
 12939 | Lair:2   | Killed a spark wasp
 13319 | Lair:2   | Reached XP level 13. HP: 104/104 MP: 18/18
 13837 | Lair:1   | Identified a scroll of acquirement
 13891 | Lair:1   | Killed a six-headed hydra
 14530 | Lair:3   | You fall through a shaft!
 15383 | Lair:4   | Noticed a four-headed hydra
 15394 | Lair:4   | Killed a four-headed hydra
 15394 | Lair:4   | Received a gift from Okawaru
 15445 | Lair:4   | Noticed Harold
 15458 | Lair:4   | Killed Harold
 15458 | Lair:4   | Received a gift from Okawaru
 15483 | Lair:4   | Reached ****** piety under Okawaru
 15483 | Lair:4   | Reached skill level 14 in Long Blades
 15967 | Lair:4   | Noticed a six-headed hydra
 15980 | Lair:4   | HP: 5/106 [ten-headed hydra (10)]
 15980 | Lair:4   | Mangled by a ten-headed hydra

Skill      XL: |  1  2  3  4  5  6  7  8  9 10 11 12 13 |
---------------+----------------------------------------+-----
Shields        | 4 5 6 9 |  9.3
Long Blades    | 3 4 6 7 10 11 12 13 14 | 14.1
Armour         | 4 5 8 9 10 11 | 11.6
Fighting       | 4 5 8 9 10 11 | 11.3
Invocations    | 3 5 7 8 |  8.7

Action                   |  1- 3 |  4- 6 |  7- 9 | 10-12 | 13-15 || total
-------------------------+-------+-------+-------+-------+-------++-------
Melee: Long sword        |    63 |   164 |   148 |   963 |   218 ||  1556
       Quarterstaff      |       |       |       |       |    31 ||    31
Invok: Heroism           |       |       |       |    11 |     3 ||    14
 Abil: Dig               |       |     1 |       |    10 |     2 ||    13
       Shaft Self        |       |       |       |     1 |       ||     1
Evoke: Wand              |       |       |       |    12 |       ||    12
  Use: Scroll            |     7 |       |     8 |     8 |     7 ||    30
       Potion            |       |       |     2 |       |       ||     2
 Stab: Distracted        |       |       |       |     1 |       ||     1
  Eat: Chunk             |       |     8 |     6 |    28 |     6 ||    48
       Fruit             |       |       |       |     2 |     2 ||     4
       Beef jerky        |       |       |       |       |     1 ||     1
Armor: Scale mail        |    26 |    62 |    35 |   183 |       ||   306
       Plate armour      |       |       |       |    33 |   195 ||   228
Dodge: Dodged            |    23 |    53 |    32 |   226 |    81 ||   415
Block: Shield            |    23 |   101 |    71 |   471 |   186 ||   852
       Rpst.: Long sword |     7 |    15 |    12 |    57 |    17 ||   108
